 Dungeon Crawl Stone Soup version 0.31-a0-971-g75a2e9a4b4 (webtiles) character file.

Game seed: 4526717626008134591

23342 avis the Spry (level 12, -23/60 HPs)
             Began as a Felid Artificer on Oct 28, 2023.
             Was an Initiate of Gozag.
             Annihilated by a skeletal warrior
             ... wielding a +2 glaive of protection
              (33 damage)
             ... on level 9 of the Dungeon.
             The game lasted 01:42:52 (18535 turns).

avis the Spry (Felid Artificer)                    Turns: 18535, Time: 01:42:53

Health: -23/60     AC:  7    Str: 16    XL:     12   Next: 71%
Magic:  14/14      EV: 33    Int: 12    God:    Gozag
Gold:   889        SH:  0    Dex: 20    Spells: 13/13 levels left
                                        Lives:  0   Deaths: 4

rFire   . .          .
                       - Unarmed
rCold   + . .        (shield unavailable)
rNeg    . . .        (body armour unavailable)
rPois   .            (helmet unavailable)
rElec   .            (cloak unavailable)
rCorr   .            (gloves unavailable)
SInv    +            (boots unavailable)
Will    +....        (no amulet)
Stlth   ++++         l - +4 ring of protection
HPRegen 0.30/turn    x - +6 ring of strength
MPRegen 0.14/turn

%: no passive effects
@: quick
A: very small, claws 1, fangs 3, see invisible, speed 1, shaggy fur 3, stealthy
paws, no weapons or thrown items, no armour, multi-lived
a: Renounce Religion, Potion Petition, Call Merchant, Bribe Branch


You were on level 9 of the Dungeon.
You worshipped Gozag.
Gozag was pleased with you.
You visited 3 branches of the dungeon, and saw 15 of its levels.

You collected 2361 gold pieces.
You spent 683 gold pieces at shops.
You paid 789 gold pieces to Gozag.

Inventory:

Jewellery
 l - a +4 ring of protection (left paw)
 p - a ring of willpower
 x - a +6 ring of strength (right paw)
Wands
 a - a wand of flame (46) (quivered)
 b - a wand of charming (4)
 r - a wand of polymorph (11)
 s - a wand of paralysis (3)
 D - a wand of acid (1)
Scrolls
 d - a scroll of fog
 f - a scroll of revelation
 g - a scroll of immolation
 o - 3 scrolls of poison
 q - 2 scrolls of teleportation
Potions
 c - 2 potions of mutation {unknown}
 e - 2 potions of cancellation
 h - a potion of might
 m - a potion of ambrosia
 t - 2 potions of brilliance
 u - a potion of magic
 v - a potion of haste {unknown}
 w - 4 potions of enlightenment
 z - a potion of degeneration {unknown}
 A - a potion of invisibility
 B - a potion of resistance
 C - a potion of curing
Miscellaneous
 i - a phantom mirror (inert)
 j - a sack of spiders (inert)


   Skills:
 * Level 11.3 Fighting
 - Level 18.0 Dodging
 - Level 7.0 Stealth
 - Level 11.0 Unarmed Combat
 - Level 1.0 Spellcasting
 - Level 4.0 Evocations


You had 13 spell levels left.
You didn't know any spells.
Your spell library contained the following spells:

 Spells                   Type           Power      Damage    Failure   Level
 Foxfire                  Conj/Fire      0%         2x1d4     30%         1
 Sting                    Tmut/Pois      0%         1d3       30%         1
 Poisonous Vapours        Pois/Air       0%         N/A       41%         2
 Olgreb's Toxic Radiance  Pois           0%         N/A       96%         4
 Summon Lightning Spire   Summ/Air       0%         N/A       96%         4
 Lee's Rapid Deconstruct  Erth           0%         3d4*      100%        5
 Plasma Beam              Fire/Air       0%         2x1d10    100%        6
 Starburst                Conj/Fire      0%         6d3       100%        6
 Discord                  Hex            0%         N/A       100%        8
 Ignition                 Fire           0%         3d3       100%        8
 Animate Armour           Summ/Erth      Unusable   N/A       N/A         4

Dungeon Overview and Level Annotations

Branches:
Dungeon (11/15)            Temple (1/1) D:6            Lair (3/5) D:11
 Shoals (0/4) Lair:2
  Snake: Lair:2-3    Spider: Lair:2-3       Orc: D:9-12

Altars:
Ashenzari
Cheibriados
Dithmenos
Elyvilon
Fedhas
Gozag
Hepliaklqana
Kikubaaqudgha
Makhleb
Nemelex Xobeh
Okawaru
Qazlal
Ru
Sif Muna
Trog
Uskayaw
Vehumet
Wu Jian
Xom
Yredelemnul
Zin
The Shining One

Shops:
D:1 ::*   D:3 (   D:4 (   Lair:1 *


Innate Abilities, Weirdness & Mutations

You have sharp claws.
You have razor-sharp teeth.
You have supernaturally acute eyesight. (SInv)
You cover ground quickly. (Speed+)
Your thick and shaggy fur keeps you warm. (AC +3, rC+)
Your paws help you pounce on unaware monsters.
You are incapable of wielding weapons or throwing items.
You cannot wear armour.
You gain extra lives every three experience levels.


Message History

You scratch the skeletal warrior but do no damage.
The skeletal warrior is lightly damaged.
The skeletal warrior barely misses you.
You scratch the skeletal warrior but do no damage.
Your bite misses the skeletal warrior.
The skeletal warrior is lightly damaged.
You scratch the skeletal warrior but do no damage.
Your claw misses the skeletal warrior.
The skeletal warrior is lightly damaged.
The skeletal warrior completely misses you.
You claw the skeletal warrior!
You bite the skeletal warrior, but do no damage.
The skeletal warrior is lightly damaged.
The skeletal warrior hits you with a +2 glaive of protection.
You scratch the skeletal warrior.
You claw the skeletal warrior, but do no damage.
The skeletal warrior is moderately damaged.
The skeletal warrior hits you with a +2 glaive of protection!!
* * * LOW HITPOINT WARNING * * *
You scratch the skeletal warrior but do no damage.
You claw the skeletal warrior, but do no damage.
The skeletal warrior is moderately damaged.
The skeletal warrior misses you.
You claw the skeletal warrior!
The skeletal warrior is moderately damaged.
You scratch the skeletal warrior but do no damage.
The skeletal warrior is moderately damaged.
The skeletal warrior misses you.
You scratch the skeletal warrior but do no damage.
The skeletal warrior is moderately damaged.
The skeletal warrior completely misses you.
You claw the skeletal warrior!
The skeletal warrior is heavily damaged.
The skeletal warrior completely misses you.
You claw the skeletal warrior!
The skeletal warrior is heavily damaged.
The skeletal warrior hits you with a +2 glaive of protection!!
Ouch! That really hurt!
You die...
Your body crumbles into a pile of gold.

####
#.#
#.#
#.#
#.#
#.#
#.#
#.#
#z#
#@#
###


You could see a skeletal warrior.

Vanquished Creatures
  Snorg (D:10)
  Harold (Lair:1)
  A two-headed ogre (D:6)
  4 skeletal warriors
  Pikel (D:7)
  A water nymph (Lair:2)
  3 black mambas (Lair:1)
  8 cane toads
  An unseen horror (D:10)
  5 komodo dragons (Lair:1)
  2 polar bears
  A hornet (D:6)
  Grinder (D:6)
  4 wyverns
  Sigmund (D:6)
  A vampire (D:10)
  A wraith (D:9)
  26 yaks
  A basilisk (Lair:2)
  2 steam dragons
  Menkaure (D:6)
  3 acid dragons
  7 water moccasins
  3 orc warriors
  3 sky beasts
  4 ice beasts
  2 ogres
  A lemure (D:6)
  A centaur (D:8)
  3 kobold brigands
  2 phantoms
  A gnoll sergeant (D:4)
  9 bullfrogs
  2 scorpions
  17 wights
  9 killer bees (D:9)
  3 howler monkeys (D:10)
  2 electric eels (Lair:2)
  4 orc priests
  2 hounds
  A gnoll bouda (D:9)
  2 jellies
  6 iguanas
  7 orc wizards
  A sleepcap (D:6)
  5 hell rats (Lair:3)
  4 adders
  6 gnolls
  3 white imps (D:5)
  A worm (D:4)
  A dart slug (D:3)
  32 orcs
  5 endoplasms
  4 giant cockroaches
  7 goblins
  7 hobgoblins
  9 jackals
  2 quokkas
  5 ball pythons
  4 bats
  A frilled lizard (D:1)
  18 kobolds
  4 rats
  2 butterflies (D:6)
282 creatures vanquished.

Vanquished Creatures (collateral kills)
  A catoblepas (Lair:3)
  The ghost of Gormless the Grappler, a novice VSSh (D:8)
  A manticore (D:11)
  A cyclops (D:11)
  A yak (D:11)
  A bullfrog (D:8)
  A kobold (D:10)
7 creatures vanquished.

Vanquished Creatures (others)
  3 yaks
  A water moccasin (D:8)
  A kobold (D:9)
5 creatures vanquished.

Grand Total: 294 creatures vanquished

Notes
Turn   | Place    | Note
-------+----------+-------------------------------------------
     0 | D:1      | avis the Felid Artificer began the quest for the Orb.
     0 | D:1      | Reached XP level 1. HP: 9/9 MP: 2/2
    56 | D:1      | You fall into a shaft and drop 1 floor!
   103 | D:2      | Reached skill level 1 in Unarmed Combat
   164 | D:2      | Reached skill level 4 in Dodging
   164 | D:2      | Reached XP level 2. HP: 12/12 MP: 3/3
   355 | D:1      | Found Viusu's Book Boutique.
   385 | D:1      | Reached XP level 3. HP: 9/16 MP: 4/4
   475 | D:1      | Found Uworriak's General Store.
   868 | D:1      | Found Suzifoit's Vocational Training.
   929 | D:1      | Bought a potion of curing for 30 gold pieces
  1106 | D:2      | Found a faded altar of an unknown god.
  1768 | D:3      | Found Juipixt's Antique Weapon Emporium.
  1922 | D:3      | Found a sacrificial altar of Ru.
  1942 | D:3      | Reached skill level 5 in Dodging
  2038 | D:3      | Reached XP level 4. HP: 19/19 MP: 5/5
  2288 | D:4      | Noticed an ogre
  2289 | D:4      | Slain by an ogre
  2355 | D:4      | Identified the +7 whip of Harmony {antimagic, +Blink rElec
                  | rF- Will-}
  2366 | D:4      | Noticed an ice beast
  2379 | D:4      | Killed an ice beast
  2380 | D:4      | Reached skill level 6 in Dodging
  2380 | D:4      | Reached XP level 5. HP: 24/24 MP: 6/6
  2404 | D:4      | Splashed by a jelly's acid
  2622 | D:4      | Reached skill level 7 in Dodging
  2622 | D:4      | Gained mutation: You are covered in thick fur. (AC +2)
                  | [Felid growth]
  2622 | D:4      | Reached XP level 6. HP: 6/28 MP: 7/7
  3179 | D:4      | Found Ehidonki's Antique Weapon Shoppe.
  3269 | D:4      | Reached XP level 7. HP: 27/32 MP: 8/8
  3509 | D:5      | Entered Level 5 of the Dungeon
  3610 | D:5      | Reached skill level 8 in Dodging
  4293 | D:5      | Found a snail-covered altar of Cheibriados.
  4300 | D:5      | Reached skill level 9 in Dodging
  4302 | D:5      | Reached skill level 5 in Fighting
  4443 | D:5      | Reached XP level 8. HP: 29/37 MP: 9/9
  4794 | D:5      | Reached skill level 10 in Dodging
  5029 | D:1      | Bought a scroll of amnesia for 40 gold pieces
  5136 | D:6      | Noticed Menkaure
  5235 | D:6      | Killed Menkaure
  5359 | D:6      | Noticed Sigmund
  5366 | D:6      | Killed Sigmund
  5377 | D:6      | Found a staircase to the Ecumenical Temple.
  5403 | Temple   | Entered the Ecumenical Temple
  5440 | D:6      | Reached skill level 11 in Dodging
  5451 | D:6      | Noticed Grinder
  5461 | D:6      | Killed Grinder
  5773 | D:7      | Noticed a two-headed ogre
  5787 | D:6      | Killed a two-headed ogre
  5788 | D:6      | Reached skill level 12 in Dodging
  5788 | D:6      | Reached skill level 5 in Unarmed Combat
  5788 | D:6      | Reached XP level 9. HP: 41/41 MP: 10/10
  6025 | D:6      | Reached skill level 13 in Dodging
  6676 | D:7      | HP: 1/43 [orc priest/+0 hand axe (3)]
  6895 | D:7      | Noticed Pikel
  6971 | D:7      | Killed Pikel
  6972 | D:7      | Reached skill level 14 in Dodging
  7274 | D:8      | Noticed a skeletal warrior
  7274 | D:8      | Noticed a skeletal warrior
  7274 | D:8      | Noticed a skeletal warrior
  7274 | D:8      | Noticed a skeletal warrior
  7274 | D:8      | Noticed a skeletal warrior
  7525 | D:8      | Reached XP level 10. HP: 47/47 MP: 11/11
  7546 | D:8      | Found a runed translucent gate.
  7548 | D:8      | Found a runed translucent gate.
  7548 | D:8      | Found an opulent altar of Gozag.
  7549 | D:8      | Found a runed translucent gate.
  7550 | D:8      | Noticed Gormless's ghost (novice VSSh)
  7596 | D:8      | Killed Gormless's ghost
  7617 | D:8      | Became a worshipper of Gozag Ym Sagoz the Greedy
  7663 | D:8      | Reached skill level 15 in Dodging
  7749 | D:8      | Reached skill level 1 in Spellcasting
  7810 | D:8      | HP: 1/47 [skeletal warrior/+0 long sword (7)]
  8505 | D:8      | HP: 1/48 [skeletal warrior/stone (10)]
  9072 | D:9      | Found a radiant altar of Vehumet.
  9187 | D:9      | Reached skill level 16 in Dodging
  9487 | D:9      | Found a blossoming altar of Fedhas.
  9587 | D:9      | Found a bloodstained altar of Trog.
  9870 | D:9      | Found a hazy altar of Hepliaklqana.
 10172 | D:9      | Found an opulent altar of Gozag.
 10423 | D:10     | Entered Level 10 of the Dungeon
 11139 | D:10     | Reached XP level 11. HP: 51/51 MP: 13/13
 11233 | D:10     | Reached skill level 17 in Dodging
 11525 | D:11     | Noticed Snorg
 11537 | D:11     | HP: 1/51 [cyclops/large rock (50)]
 12459 | D:11     | Found a staircase to the Lair.
 12686 | D:11     | HP: 1/53 [komodo dragon (20)]
 12691 | D:11     | Noticed a two-headed ogre
 12698 | Lair:1   | Entered Level 1 of the Lair of Beasts
 12912 | Lair:1   | Bought a potion of invisibility for 112 gold pieces
 12912 | Lair:1   | Bought a scroll of identify for 28 gold pieces
 12912 | Lair:1   | Bought a potion of resistance for 140 gold pieces
 12912 | Lair:1   | Bought a wand of acid (4) for 235 gold pieces
 13040 | Lair:1   | Noticed Harold
 13063 | Lair:1   | Killed Harold
 13088 | Lair:1   | Reached skill level 18 in Dodging
 13656 | Lair:1   | HP: 1/54 [cane toad (12)]
 13663 | Lair:1   | Reached skill level 10 in Fighting
 14303 | Lair:1   | Reached skill level 5 in Stealth
 14360 | Lair:1   | Gained mutation: Your thick and shaggy fur keeps you warm.
                  | (AC +3, rC+) [Felid growth]
 14360 | Lair:1   | Reached XP level 12. HP: 49/58 MP: 14/14
 14692 | Lair:1   | Bought a wand of flame (10) for 98 gold pieces
 15347 | Lair:2   | Reached skill level 10 in Unarmed Combat
 16108 | Lair:3   | Noticed a catoblepas
 16137 | Lair:3   | Mangled by a catoblepas
 16150 | Lair:3   | Killed a catoblepas
 16851 | D:10     | Killed Snorg
 17495 | D:8      | Hit by a stone thrown by a skeletal warrior
 17676 | D:8      | HP: 3/60 [skeletal warrior/+0 glaive (9)]
 18535 | D:9      | Annihilated by a skeletal warrior

Illustrated notes

Levels and vault maps discovered:
D:1:      orjb1_lava_funnel, layout_basic, serial_shops,
          nicolae_book_shop_shelving, nicolae_shop_hallway_plus,
          nicolae_shop_vocational
D:2:      minmay_evil_eye, layout_rooms, hellmonk_ecumenical_altar_zigzags,
          wad_floor_pattern_1
D:3:      layout_basic, mainiacjoe_overflow_catwalk, serial_shops,
          nicolae_shop_real_fake_doors
D:4:      layout_loops_corners, serial_shops, nicolae_lakefront_shop
D:5:      layout_loops_ring, nicolae_overflow_crystal_walls
D:6:      layout_rooms, minmay_temple_entry_butterflies,
          nicolae_concentric_dashed_squares_wild, uniq_menkaure, uniq_sigmund,
          uniq_grinder
D:7:      layout_cave_pools, hangedman_decor_growths,
          chequers_serial_rivers_micro_b, grunt_ministairs_12, uniq_pikel
D:8:      layout_loops_ring, ebering_ghost_gozag, minivault_25
D:9:      layout_basic, grunt_temple_overflow_open,
          mainiacjoe_overflow_alcove_1, minmay_misc_feat_ornament
D:10:     layout_stronghold
D:11:     layout_big_octagon, david_lair_shrubbed, uniq_snorg
Temple:   eino_wide_crystal_templ
Lair:1:   layout_loops_ring, uniq_harold
Lair:2:   layout_big_grid, nicolae_shoals_entry_flooding, serial_bayou_shore_a
Lair:3:   layout_small_grid, alex1729_snake_entry_snake

Skill      XL: |  1  2  3  4  5  6  7  8  9 10 11 12 |
---------------+-------------------------------------+-----
Unarmed Combat | 1 2 3 5 6 7 8 11 | 11.0
Dodging        | 4 5 6 7 9 12 14 16 18 | 18.0
Fighting       | 2 3 4 5 6 7 8 10 11 | 11.3
Stealth        | 2 3 5 7 |  7.0
Evocations     | 4 |  4.0
Spellcasting   | 1 |  1.0

Action                     |  1- 3 |  4- 6 |  7- 9 | 10-12 || total
---------------------------+-------+-------+-------+-------++-------
  Melee: Unarmed           |   151 |   176 |   391 |   998 ||  1716
         Bite              |    17 |    27 |    48 |   155 ||   247
         Punch             |     2 |     6 |    11 |    71 ||    90
 Invoke: Call Merchant     |       |       |       |     1 ||     1
  Evoke: Wand              |     4 |     7 |    28 |    37 ||    76
         Sack of spiders   |       |       |       |     1 ||     1
         Phantom mirror    |       |       |       |     1 ||     1
    Use: Scroll            |     3 |     1 |     6 |    13 ||    23
         Potion            |       |     1 |     1 |    14 ||    16
   Stab: Sleeping          |     5 |     2 |     3 |     6 ||    16
         Paralysed         |       |     8 |     7 |     7 ||    22
         Distracted        |       |       |       |     6 ||     6
 Armour: Skin              |    37 |    42 |    92 |   221 ||   392
  Dodge: Dodged            |   132 |   131 |   343 |  1020 ||  1626

Table legend: (Time is in decaauts)
 A = Elapsed time spent in this place.
 B = Non-inter-level travel time spent in this place.
 C = Inter-level travel time spent in this place.
 D = Time resting spent in this place.
 E = Time spent auto-exploring this place.
 F = Levels seen in this place.
 G = Mean time per level.
                   A        B        C        D        E       F      G
               +--------+--------+--------+--------+--------+-----+--------+
         Total |  16407 |  14924 |   1483 |   5515 |   4699 |  15 | 1093.8 |
       Dungeon |  12701 |  11425 |   1276 |   3946 |   3824 |  11 | 1154.6 |
        Temple |      1 |      1 |      0 |      0 |      0 |   1 |    1.0 |
          Lair |   3703 |   3496 |    207 |   1569 |    874 |   3 | 1234.3 |
               +--------+--------+--------+--------+--------+-----+--------+

Top non-repeatable levels by time:
     D:9: 2715 daAuts
  Lair:1: 2258 daAuts
    D:10: 1577 daAuts
     D:4: 1237 daAuts
     D:8: 1182 daAuts
     D:6: 1176 daAuts
     D:5: 1163 daAuts
     D:7: 1161 daAuts
  Lair:2: 800 daAuts
     D:1: 753 daAuts
     D:3: 730 daAuts
  Lair:3: 645 daAuts
     D:2: 574 daAuts
    D:11: 427 daAuts
  Temple: 1 daAuts
